 Dungeon Crawl Stone Soup version 0.27.1-4-g1640c2035a (webtiles) character file.

Game seed: 10961423947045141832

160388 Johnny the Human Blade (level 18, -7/153 HPs)
             Began as a Human Berserker on Nov 1, 2021.
             Was a High Priest of Trog.
             Mangled by a +1 vorpal dire flail (12 damage)
             ... on level 2 of the Elven Halls.
             The game lasted 00:39:02 (33721 turns).

Johnny the Human Blade (Human Berserker)           Turns: 33721, Time: 00:39:02

Health: -7/153     AC: 16    Str: 23    XL:     18   Next: 39%
Magic:  6/6        EV: 23    Int: 10    God:    Trog [*****.]
Gold:   410        SH:  0    Dex: 13    Spells: 17/17 levels left

rFire    . . .     SeeInvis +   M - +3 great sword (antimagic)
rCold    . . .     Faith    .   (shield currently unavailable)
rNeg     . . .     Spirit   .   g - +4 troll leather armour {Snorg}
rPois    .         Reflect  .   k - +2 hat {SInv}
rElec    +         Harm     .   (no cloak)
rCorr    .         Rampage  ∞   O - +1 pair of gloves
Will     +....                  c - +3 pair of seven-league boots {Rampage+∞}
Stlth    +.........             W - amulet of the Air {Inacc Air Fly rElec RMsl}
HPRegen  1.35/turn              Z - +4 ring of slaying
MPRegen  0.10/turn              t - +4 ring of evasion

@: lethally poisoned (-7 -> -7), about to teleport, on berserk cooldown, flying,
slowed, repel missiles, very slow
A: no striking features
a: Renounce Religion, Berserk, Trog's Hand, Brothers in Arms


You were on level 2 of the Elven Halls.
You worshipped Trog.
Trog was extremely pleased with you.
You visited 4 branches of the dungeon, and saw 25 of its levels.
You also visited: Sewer.

You collected 2916 gold pieces.
You spent 2506 gold pieces at shops.

Inventory:

Hand Weapons
 I - a +3 vorpal great sword
 K - a +4 great sword of draining
 M - a +3 antimagic great sword (weapon)
Armour
 c - the +3 pair of seven-league boots (worn) {Rampage+∞}
   (You acquired it on level 5 of the Lair of Beasts)

   Its wearer moves as far as possible in that direction when moving towards
   enemies.
 g - a +4 troll leather armour (worn) {Snorg}
 k - a +2 hat of see invisible (worn)
 p - +0 fire dragon scales
 O - a +1 pair of gloves (worn)
 Y - a +1 plate armour of poison resistance
Jewellery
 t - a +4 ring of evasion (right hand)
 x - the ring "Iwedeguph" {rElec MP+9 Dex+4}
   (You acquired it on level 6 of the Dungeon)

   [ring of magical power]

   Dex:       It affects your dexterity (+4).
   rElec:     It insulates you from electricity.
   MP:        It affects your magic capacity (+9).
 Q - a ring of protection from cold
 V - a +4 ring of slaying
 W - the amulet of the Air (around neck) {Inacc Air Fly rElec RMsl}
   (You bought it in a shop on level 1 of the Orcish Mines)

   [amulet of nothing]

   It reduces the accuracy of all your attacks.
   It enhances your air magic.
   rElec:     It insulates you from electricity.
   Fly:       It grants you flight.
   RMsl:      It protects you from missiles.
 Z - a +4 ring of slaying (left hand)
Wands
 C - a wand of digging (1)
 G - a wand of acid (7)
Scrolls
 a - a scroll of amnesia
 i - 2 scrolls of vulnerability
 j - 5 scrolls of fear
 l - 2 scrolls of torment
 m - a scroll of identify
 o - 4 scrolls of silence
 r - a scroll of holy word
 s - 3 scrolls of teleportation
 u - 5 scrolls of magic mapping
 w - 3 scrolls of fog
 B - a scroll of noise
 D - 4 scrolls of enchant armour
 J - 2 scrolls of immolation
 P - 2 scrolls of brand weapon
 R - 3 scrolls of summoning
Potions
 b - 6 potions of might
 d - 3 potions of brilliance
 e - 7 potions of ambrosia
 f - 5 potions of curing
 n - 3 potions of cancellation
 q - 6 potions of degeneration
 z - 4 potions of mutation
 A - 3 potions of flight {unknown}
 E - 5 potions of lignification
 F - 3 potions of resistance {unknown}
 H - 4 potions of attraction {unknown}
 N - 5 potions of haste
 S - 2 potions of berserk rage {unknown}
 T - a potion of invisibility
 U - a potion of magic {unknown}
Miscellaneous
 v - a box of beasts
 y - a phial of floods
 L - a phantom mirror
 X - a tin of tremorstones (2/2)


   Skills:
 - Level 16.5 Fighting
 + Level 21.9 Long Blades
 - Level 2.0 Armour
 * Level 15.6 Dodging


You had 17 spell levels left.
You didn't know any spells.
Your spell library was empty.

Dungeon Overview and Level Annotations

Branches:
Dungeon (15/15)            Temple (0/1) D:6            Lair (6/6) D:9
  Swamp (0/4) Lair:3        Snake (0/4) Lair:4        Slime (0/5) Lair:6
    Orc (2/2) D:11            Elf (2/3) Orc:2        Vaults (0/5) D:14
 Depths (0/5) D:15          Sewer (visited)

Altars:
Cheibriados
Hepliaklqana
Kikubaaqudgha
Qazlal
Ru
Uskayaw
Vehumet
Beogh
Lugonu

Shops:
D:13 (   Orc:1 =   Orc:2 :?[![   Elf:1 *[   Elf:2 [

Annotations:
D:7 2 transporters
Lair:5 exclusion: 2 oklob plants


Message History

You miss the +0 vorpal battleaxe.
The +0 vorpal battleaxe is severely damaged.
You feel sick.
You slice the +0 vorpal battleaxe like a ripe choko!!!
The +0 vorpal battleaxe falls from the air.
Trog accepts your kill.
You feel sick.
The deep elf pyromancer gestures wildly while chanting.
The deep elf pyromancer blinks!
You feel sick.
There is an open translucent gate, spattered with blood here.
You completely miss the +1 vorpal dire flail.
You feel sick. The +1 vorpal dire flail hits you!
You miss the +1 vorpal dire flail.
You feel sick. The +1 vorpal dire flail hits you.
* * * LOW HITPOINT WARNING * * *
x2 The deep elf pyromancer points at you and mumbles some strange words.
The sticky flame misses you.
You feel sick. The +1 vorpal dire flail hits you!
* * * LOW HITPOINT WARNING * * *
x2
Things that are here:
a +3 dire flail of venom; a +4 dire flail of protection You feel a strong urge to attack something.
You feel sick.
You feel sick.
The deep elf pyromancer casts a spell.
The deep elf pyromancer blinks!
You feel your anger nearly subside.
You are no longer berserk.
You are exhausted.
You feel yourself slow down.
You feel sick.
As you read the scroll of teleportation, it crumbles to dust.
You feel strangely unstable.
You feel sick.
The +1 vorpal dire flail closely misses you.
The +1 vorpal dire flail hits you!!
* * * LOW HITPOINT WARNING * * *
x2 You feel much better.
You feel sick. The +1 vorpal dire flail hits you!!
* * * LOW HITPOINT WARNING * * *
x2 The +1 vorpal dire flail hits you but does no damage.
The +1 vorpal dire flail hits you!
You die...

#.##.# ###....#### #...
#.##.###....#....# .#...
#.##.##....###...# ...#..
#.##.#......#...### ....#.
#.#..#...#......#.##.....#
#.#.....###.....##'.......
#.#....## ##..#..))..e....
#.#.....###....(##'.......
#.####...#.....@#.##.....#
#.# #......#...### ....#.
#.# ##....###...# ..#..
#.# ##....#....# ... #.#
###.)..#### ..
#.########.#.## .
#..........#.##
##########.#.# #.#.##


You could see a deep elf pyromancer and a +1 vorpal dire flail.

Vanquished Creatures
  Rupert (Orc:2)
  Gastronok (D:12)
  An orc warlord (Orc:1)
  Louise (D:15)
  A deep elf annihilator (Elf:1)
  Nessos (Lair:6)
  A deep elf demonologist (Elf:1)
  2 deep elf death magi (Elf:1)
  Snorg (Orc:2)
  A fire dragon (D:15)
  Josephine (Lair:5)
  A deep elf high priest (Elf:1)
  9 hydras
  Fannar (Lair:2)
  3 ogre magi (Orc:2)
  4 centaur warriors
  Erolcha (Orc:2)
  2 boulder beetles
  A catoblepas (D:14)
  A tengu warrior (D:15)
  A vampire mage (D:15)
  3 two-headed ogres
  5 death yaks
  11 dancing weapons
  3 orc high priests
  8 deep elf knights
  Sonja (Lair:2)
  A shadow wraith (D:14)
  5 skeletal warriors
  A golden dragon zombie (D:15)
  A deep troll (Orc:2)
  6 deep elf archers
  17 deep elf pyromancers
  A necromancer (D:15)
  2 lindwurms (Lair:6)
  4 orc knights
  11 deep elf zephyrmancers
  2 oklob plants (Lair:5)
  8 orc sorcerers (Orc:2)
  7 ugly things
  6 cyclopes
  A manticore (Lair:5)
  An orb spider (shapeshifter) (Elf:2)
  A stone giant zombie (D:15)
  4 elephants
  A frost giant skeleton (D:15)
  2 black mambas
  2 molten gargoyles (Lair:6)
  7 cane toads
  2 gargoyles
  A komodo dragon (shapeshifter) (D:13)
  11 rime drakes
  2 efreet
  3 kobold demonologists (D:14)
  11 komodo dragons
  5 tengu conjurers (D:15)
  A spriggan skeleton (D:15)
  3 meliai (Lair:5)
  A queen bee (Lair:5)
  2 trolls
  9 slime creatures
  A polar bear (Lair:6)
  Grinder (Sewer)
  Prince Ribbit (D:9)
  21 blink frogs
  A meliai zombie (D:11)
  3 wraiths (Lair:5)
  An air elemental (Elf:1)
  6 wyverns
  2 vampires
  48 yaks
  A water elemental (Elf:1)
  Eustachio (D:5)
  5 steam dragons
  4 basilisks
  10 vampire mosquitoes
  A fire elemental (Elf:1)
  Menkaure (D:4)
  5 wargs
  3 nagas (Lair:4)
  An acid dragon (D:12)
  5 hell hounds (Lair:6)
  15 water moccasins
  18 orc warriors
  4 black bears
  2 sky beasts
  3 necrophages
  18 wolves
  5 boggarts (D:12)
  8 ogres
  14 centaurs
  2 kobold brigands
  An earth elemental (Elf:1)
  12 bullfrogs
  3 scorpions
  A gnoll sergeant (D:5)
  A wyvern skeleton (D:6)
  A water moccasin skeleton (D:6)
  34 killer bees (Lair:5)
  2 wights (Sewer)
  5 howler monkeys
  An electric eel (D:10)
  5 centaur zombies
  5 lava snakes (Lair:6)
  2 hounds (D:5)
  A jelly (D:4)
  17 orc priests
  3 bullfrog zombies (D:5)
  A centaur skeleton (D:7)
  29 orc wizards
  An iguana (D:5)
  A scorpion zombie (D:5)
  A hell rat (Lair:5)
  A killer bee zombie (D:5)
  A hound skeleton (D:5)
  A howler monkey skeleton (D:7)
  7 adders
  12 gnolls
  A shadow imp (Sewer)
  A white imp (D:5)
  2 ufetubi
  An adder zombie (Sewer)
  2 adder skeletons (D:4)
  2 worms (D:2)
  2 dart slugs
  70 orcs
  7 ball pythons
  13 endoplasms
  7 giant cockroaches
  9 goblins
  3 hobgoblins
  4 jackals
  38 kobolds
  A quokka (D:4)
  8 bats
  4 frilled lizards
  3 rats
  A butterfly (Lair:3)
748 creatures vanquished.

Vanquished Creatures (collateral kills)
  A fire dragon (Lair:6)
  A death yak (Lair:6)
  A two-headed ogre (D:11)
  3 elephants (Lair:5)
  A cyclops (D:11)
  2 black mambas (Lair:6)
  A rime drake (Lair:5)
  2 komodo dragons
  A blink frog (Lair:4)
  A wyvern (Lair:5)
  A yak (Lair:4)
  A water moccasin (Lair:6)
  An orc warrior (D:11)
  An ogre (D:11)
  A centaur (D:11)
  2 killer bees (Lair:5)
  An orc priest (D:11)
  An orc wizard (Orc:2)
  4 orcs (D:11)
  A hobgoblin (D:11)
28 creatures vanquished.

Vanquished Creatures (others)
  A deep elf death mage (Elf:1)
  A deep elf knight (Elf:1)
  An orc warrior (Orc:1)
  An orc (D:15)
  20 fungi
  18 plants
  5 withered plants
47 creatures vanquished.

Grand Total: 823 creatures vanquished

Notes
Turn   | Place    | Note
-------+----------+-------------------------------------------
     0 | D:1      | Johnny the Human Berserker began the quest for the Orb.
     0 | D:1      | Reached XP level 1. HP: 18/18 MP: 1/1
   110 | D:1      | Reached XP level 2. HP: 18/24 MP: 2/2
   183 | D:1      | Found a faded altar of an unknown god.
   560 | D:1      | Reached XP level 3. HP: 24/29 MP: 3/3
   952 | D:2      | Reached ** piety under Trog
  1153 | D:3      | Reached skill level 4 in Long Blades
  1286 | D:3      | Reached XP level 4. HP: 27/35 MP: 4/4
  1541 | D:2      | Reached XP level 5. HP: 17/42 MP: 5/5
  1830 | D:3      | Reached skill level 5 in Long Blades
  2290 | D:2      | Reached XP level 6. HP: 47/48 MP: 6/6
  2308 | D:2      | Found a stormy altar of Qazlal.
  2370 | D:2      | Reached *** piety under Trog
  3247 | D:4      | Noticed Menkaure
  3254 | D:4      | Killed Menkaure
  3255 | D:4      | Reached skill level 6 in Long Blades
  3255 | D:4      | Reached XP level 7. HP: 55/55 MP: 7/7
  3264 | D:4      | Identified a scroll of acquirement
  3266 | D:4      | Acquired a manual of Fighting
  3276 | D:4      | Found a glowing drain.
  3297 | Sewer    | Entered a sewer
  3567 | Sewer    | Found an ancient bone altar of Kikubaaqudgha.
  3575 | Sewer    | Reached skill level 5 in Fighting
  3576 | Sewer    | Noticed Grinder
  3584 | Sewer    | Reached **** piety under Trog
  3870 | Sewer    | Killed Grinder
  3871 | Sewer    | Reached skill level 7 in Long Blades
  3871 | Sewer    | Reached XP level 8. HP: 64/64 MP: 8/8
  4151 | Sewer    | Acquired a +1 double sword of electrocution
  4455 | D:4      | Reached skill level 8 in Long Blades
  4837 | D:5      | Entered Level 5 of the Dungeon
  5179 | D:5      | Reached skill level 9 in Long Blades
  5309 | D:5      | Noticed a wyvern
  5317 | D:5      | Killed a wyvern
  5318 | D:5      | Reached XP level 9. HP: 69/75 MP: 9/9
  5671 | D:5      | Noticed Eustachio
  5690 | D:5      | Killed Eustachio
  5941 | D:5      | Reached skill level 10 in Long Blades
  6486 | D:6      | Acquired the ring "Iwedeguph" {rElec MP+9 Dex+4}
  6564 | D:6      | Reached ***** piety under Trog
  6663 | D:6      | Reached skill level 10 in Fighting
  6779 | D:6      | Found a staircase to the Ecumenical Temple.
  7289 | D:7      | Reached skill level 11 in Long Blades
  7289 | D:7      | Reached XP level 10. HP: 85/85 MP: 10/10
  7756 | D:7      | Found a snail-covered altar of Cheibriados.
  7932 | D:7      | Found a sacrificial altar of Ru.
  7933 | D:7      | Found a hide-covered altar of Uskayaw.
  7934 | D:7      | Found a hazy altar of Hepliaklqana.
  7934 | D:7      | Noticed a cyclops
  7944 | D:7      | Noticed a cyclops
  7954 | D:7      | Noticed a deep elf pyromancer
  7993 | D:7      | Found a transporter.
  7999 | D:7      | Found a transporter.
  8611 | D:8      | Received a gift from Trog
  9412 | D:9      | Noticed a death yak
  9412 | D:9      | Noticed a death yak
  9412 | D:9      | Found a staircase to the Lair.
  9481 | D:9      | Noticed Prince Ribbit
  9484 | D:9      | Reached skill level 12 in Long Blades
  9504 | D:9      | Killed Prince Ribbit
  9697 | D:9      | Noticed a death yak
  9986 | D:9      | Noticed a two-headed ogre
 10000 | D:9      | Killed a two-headed ogre
 10418 | D:9      | Reached XP level 11. HP: 73/98 MP: 11/11
 10418 | D:9      | Killed a death yak
 10419 | D:9      | Killed a death yak
 10420 | D:9      | Killed a death yak
 10823 | D:9      | Noticed a cyan ugly thing
 10844 | D:9      | Killed a cyan ugly thing
 10845 | D:9      | Reached skill level 15 in Fighting
 11183 | D:10     | Entered Level 10 of the Dungeon
 11552 | D:10     | Noticed a cyclops
 11569 | D:10     | Killed a cyclops
 11599 | D:10     | Noticed a cyclops
 11629 | D:10     | Killed a cyclops
 12155 | D:11     | Noticed a cyclops
 12172 | D:11     | Killed a cyclops
 12485 | D:11     | Found a staircase to the Orcish Mines.
 12495 | D:11     | Noticed a cyclops
 12502 | D:11     | Reached XP level 12. HP: 111/111 MP: 12/12
 12515 | D:11     | Noticed a two-headed ogre
 12532 | D:11     | Killed a two-headed ogre
 13063 | D:11     | Noticed a skeletal warrior
 13063 | D:11     | Noticed a skeletal warrior
 13063 | D:11     | Noticed a skeletal warrior
 13063 | D:11     | Noticed a skeletal warrior
 13139 | D:11     | Killed a skeletal warrior
 13458 | D:11     | Noticed a skeletal warrior
 13472 | D:11     | Killed a skeletal warrior
 14270 | D:11     | Killed a skeletal warrior
 14271 | D:11     | Reached skill level 13 in Long Blades
 14335 | Orc:1    | Entered Level 1 of the Orcish Mines
 14596 | Orc:2    | Entered Level 2 of the Orcish Mines
 14596 | Orc:2    | Noticed an ogre mage
 14597 | Orc:2    | Noticed an orc high priest
 14597 | Orc:2    | Noticed an ogre mage
 14598 | Orc:2    | Noticed an orc high priest
 14600 | Orc:2    | Noticed Rupert
 14763 | Lair:1   | Entered Level 1 of the Lair of Beasts
 16110 | Lair:1   | Reached skill level 14 in Long Blades
 17014 | Lair:2   | Noticed a seven-headed hydra
 17243 | Lair:2   | Killed a ten-headed hydra
 17244 | Lair:2   | Reached XP level 13. HP: 119/119 MP: 13/13
 17466 | Lair:2   | Noticed Sonja
 17475 | Lair:2   | Killed Sonja
 18075 | Lair:2   | Noticed Fannar
 18086 | Lair:2   | Killed Fannar
 18347 | Lair:3   | Reached skill level 15 in Long Blades
 18628 | Lair:3   | Found a staircase to the Swamp.
 18763 | Lair:3   | Noticed a seven-headed hydra
 18770 | Lair:3   | Killed an 11-headed hydra
 19073 | Lair:3   | Reached skill level 16 in Long Blades
 19639 | Lair:4   | Found a staircase to the Snake Pit.
 20700 | Lair:4   | Noticed a five-headed hydra
 20705 | Lair:4   | Killed a nine-headed hydra
 20706 | Lair:4   | Reached skill level 17 in Long Blades
 21095 | Lair:5   | Reached XP level 14. HP: 126/126 MP: 14/14
 21208 | Lair:5   | Noticed Josephine
 21329 | Lair:5   | Killed Josephine
 21455 | Lair:5   | Identified the +5 quarterstaff of Misery {antimagic, Will-
                  | Str+10} (Trog gifted it to you on level 5 of the Lair of
                  | Beasts)
 21455 | Lair:5   | Received a gift from Trog
 21889 | Lair:5   | Reached skill level 18 in Long Blades
 23078 | Lair:6   | Entered Level 6 of the Lair of Beasts
 23078 | Lair:6   | Noticed Nessos
 23086 | Lair:6   | Killed Nessos
 23435 | Lair:6   | Reached skill level 19 in Long Blades
 23793 | Lair:6   | Found a staircase to the Slime Pits.
 24356 | Lair:6   | Reached XP level 15. HP: 132/132 MP: 15/15
 24358 | Lair:6   | Received a gift from Trog
 24973 | Lair:6   | Found a large runed translucent door.
 24973 | Lair:6   | Found a large runed translucent door.
 25701 | Lair:5   | Identified the ring "Tuqeezoz" {Will- rCorr Str+7 Dex+6}
 25714 | Lair:5   | Acquired the +3 pair of seven-league boots {Rampage+∞}
 25714 | Lair:5   | Found the +3 pair of seven-league boots {Rampage+∞}
 26247 | Orc:1    | Found Icis's Jewellery Shoppe.
 26345 | Orc:1    | Noticed an orc warlord
 26432 | Orc:1    | Killed an orc warlord
 26433 | Orc:1    | Reached skill level 20 in Long Blades
 26798 | Orc:2    | Found Sannal Hony's Armour Shop.
 27044 | Orc:2    | Noticed Snorg
 27050 | Orc:2    | Killed Snorg
 27076 | Orc:2    | Found a staircase to the Elven Halls.
 27148 | Orc:2    | Killed Rupert
 27549 | Orc:2    | Found Ihuomodgh's Book Boutique.
 27608 | Orc:2    | Bought a manual of Dodging for 1040 gold pieces
 27621 | Orc:2    | Found a radiant altar of Vehumet.
 27622 | Orc:2    | Noticed Erolcha
 27627 | Orc:2    | Killed Erolcha
 27646 | Orc:2    | Found Efelimaa's Distillery.
 27914 | Orc:2    | Found an ancient bone altar of Kikubaaqudgha.
 27917 | Orc:2    | Found Ebbat's Magic Scroll Shop.
 27935 | Orc:2    | Reached skill level 5 in Dodging
 27946 | Orc:2    | Found Quig's Antique Armour Boutique.
 27948 | Orc:2    | Bought 3 potions of haste for 330 gold pieces
 27948 | Orc:2    | Bought 2 potions of heal wounds for 110 gold pieces
 27948 | Orc:2    | Bought a potion of heal wounds for 55 gold pieces
 27948 | Orc:2    | Bought a potion of might for 44 gold pieces
 27948 | Orc:2    | Bought a potion of lignification for 33 gold pieces
 27977 | Orc:2    | Bought a scroll of teleportation for 39 gold pieces
 27977 | Orc:2    | Bought a scroll of identify for 26 gold pieces
 27977 | Orc:2    | Bought a scroll of identify for 26 gold pieces
 27977 | Orc:2    | Bought a scroll of enchant weapon for 97 gold pieces
 27977 | Orc:2    | Bought a scroll of teleportation for 39 gold pieces
 27977 | Orc:2    | Bought a scroll of identify for 26 gold pieces
 27977 | Orc:2    | Bought a scroll of identify for 26 gold pieces
 28247 | Orc:2    | Reached XP level 16. HP: 139/139 MP: 16/16
 28465 | D:12     | Reached skill level 10 in Dodging
 28602 | D:12     | Identified the +0 chain mail of Starshine {rF- rCorr Str+3
                  | Stlth+}
 28774 | D:12     | Reached XP level 17. HP: 89/145 MP: 17/17
 28914 | D:12     | Noticed Gastronok
 28928 | D:12     | Killed Gastronok
 28929 | D:12     | Reached skill level 21 in Long Blades
 29170 | D:13     | Found Orruj's Weapon Shop.
 29906 | D:14     | Found a corrupted altar of Lugonu.
 30385 | D:14     | Found a gate to the Vaults.
 30556 | D:15     | Entered Level 15 of the Dungeon
 30709 | D:15     | Found a staircase to the Depths.
 30908 | D:15     | Noticed Louise
 31079 | D:15     | Killed Louise
 31333 | D:15     | Received a gift from Trog
 31624 | Elf:1    | Entered Level 1 of the Elven Halls
 31658 | Orc:1    | Bought the amulet of the Air {Inacc Air Fly rElec RMsl} for
                  | 451 gold pieces
 31658 | Orc:1    | Found the amulet of the Air {Inacc Air Fly rElec RMsl}
 31712 | Elf:1    | Paralysed by an air elemental for 1 turns
 32141 | Elf:1    | Found Nuucoph's Antique Armour Emporium.
 32198 | Elf:1    | Reached XP level 18. HP: 153/153 MP: 18/18
 32297 | Elf:1    | Found Acvuuh's General Store.
 32305 | Elf:1    | Bought a scroll of fear for 52 gold pieces
 32305 | Elf:1    | Bought a scroll of enchant armour for 112 gold pieces
 32637 | Elf:1    | Reached skill level 15 in Dodging
 32806 | Elf:1    | Found a runed translucent door.
 33258 | Elf:2    | Found Utomm's Armour Boutique.
 33548 | Elf:2    | Found a runed translucent gate.
 33549 | Elf:2    | Found a runed translucent gate.
 33554 | Elf:2    | Found a runed translucent gate.
 33720 | Elf:2    | HP: 4/153 [+1 vorpal dire flail (29)]
 33721 | Elf:2    | Mangled by a +1 vorpal dire flail

Illustrated notes

Levels and vault maps discovered:
D:1:      matt_arrival_diagonals, layout_basic, basic_ecumenical_altar
D:2:      layout_loops_ring, basic_altar
D:3:      layout_basic
D:4:      layout_loops_ring, portal_sewer_entry_f, uniq_menkaure
D:5:      layout_rooms, serial_undead, serial_undead_b, serial_undead_b,
          serial_undead_c, serial_undead_f, uniq_eustachio
D:6:      layout_loops_ring, minmay_temple_entry_waves
D:7:      layout_layer_cave, gammafunk_temple_overflow_arena,
          kennysheep_slug_shrine, wad_floor_pattern_1
D:8:      layout_cave_pools
D:9:      layout_basic, dpeg_lair_monsters, kennysheep_pointless_box,
          nrook_mini_backslash, uniq_prince_ribbit1
D:10:     layout_cave_pools, lightli_minifort
D:11:     layout_loops_ring, erik_orc_3
D:12:     layout_roguey, uniq_gastronok
D:13:     layout_stronghold, serial_shops, nicolae_stop_n_shop_1
D:14:     kennysheep_kobold_lugonu_temple, layout_rooms, david_vaults_4,
          minmay_misc_feat_four_crosses, serial_aquarium,
          aquarium_bridge_straight [aquarium_subvault_bridge,
          aquarium_subvault_wall, aquarium_subvault_bridge,
          aquarium_subvault_window], aquarium_bridge_island_large
          [aquarium_subvault_large_open, aquarium_subvault_bridge,
          aquarium_subvault_balcony, aquarium_subvault_bridge,
          aquarium_subvault_window], aquarium_window_1, aquarium_window_3,
          aquarium_window_corner, aquarium_view_2g, aquarium_view_2b,
          aquarium_balcony_double_3
D:15:     gammafunk_depths_entry_grave, layout_rooms, hex_medium,
          chequers_serial_rivers_small_b, minmay_misc_feat_rugged, uniq_louise
Lair:1:   layout_cave_pods
Lair:2:   layout_cellular_growth, minivault_11, uniq_fannar, uniq_sonja
Lair:3:   layout_regular_city, swamp_mist, eino_small_chamber_without_monster,
          lemuel_fruit_fields, lemuel_fruit_fields
Lair:4:   layout_regular_city, guppyfry_snake_entry_island, beast_lair_carwin_8
Lair:5:   hangedman_what_comes_after_a, layout_regular_city, lemuel_fruit_tree,
          uniq_josephine
Lair:6:   cheibrodos_lair_end_hotspot, layout_long_grid,
          dpeg_slime_entry_corner, minmay_lair_drake_nest, uniq_nessos
Orc:1:    layout_caves, serial_shops, nicolae_square_shop, basic_altar
Orc:2:    kennysheep_orc_mage_school, layout_caves, guppyfry_orc_lava_fort,
          uniq_snorg, uniq_rupert
Elf:1:    layout_gridlike, serial_shops, nicolae_shop_window_shopping,
          nicolae_shop_trees, kennysheep_underground_church, minivault_13
Elf:2:    nicolae_elf_blades_splatter_lattice
          [nicolae_blade_entry_sentries_behind_glass], layout_loops_ring,
          serial_shops, nicolae_shop_trees

Skill      XL: |  1  2  3  4  5  6  7  8  9 10 11 12 13 14 15 16 17 18 |
---------------+-------------------------------------------------------+-----
Long Blades    | 4 5 6 7 9 11 12 14 17 19 20 21 | 21.9
Fighting       | 4 6 8 10 13 15 16 | 16.5
Dodging        | 9 10 14 15 | 15.6
Armour         | |  2.0

Action                   |  1- 3 |  4- 6 |  7- 9 | 10-12 | 13-15 | 16-18 || total
-------------------------+-------+-------+-------+-------+-------+-------++-------
Melee: Falchion          |    77 |   136 |   365 |   657 |       |       ||  1235
       Double sword      |       |       |       |     3 |   663 |       ||   666
       Great sword       |       |       |       |       |   134 |   587 ||   721
Throw: Throwing net      |       |       |       |     2 |       |       ||     2
Invok: Berserk           |     1 |     5 |     9 |    15 |    30 |    13 ||    73
       Trog's Hand       |       |       |     6 |     8 |    33 |     5 ||    52
       Brothers in Arms  |       |       |       |     4 |     9 |       ||    13
Evoke: Wand              |       |       |       |    27 |    34 |     1 ||    62
       Tin of tremorston |       |       |       |       |     2 |       ||     2
       Box of beasts     |       |       |       |       |     1 |       ||     1
       Phial of floods   |       |       |       |       |     1 |       ||     1
  Use: Scroll            |       |       |    16 |     7 |    13 |     8 ||    44
       Potion            |       |       |     2 |       |     4 |     7 ||    13
 Stab: Paralysed         |       |       |       |    10 |     6 |       ||    16
       Held in net/web   |       |       |       |     1 |       |       ||     1
       Invisible         |       |       |       |       |     2 |       ||     2
       Distracted        |       |       |       |       |     1 |       ||     1
Armor: Animal skin       |    12 |       |       |       |       |       ||    12
       Ring mail         |     4 |    45 |   111 |   155 |   180 |       ||   495
       Troll leather arm |       |       |       |       |    39 |   115 ||   154
       Chain mail        |       |       |       |       |     9 |       ||     9
Dodge: Dodged            |    41 |    99 |   225 |   361 |   549 |   368 ||  1643
       Repelled          |       |       |       |       |       |     6 ||     6
       Rpst.: Falchion   |    13 |    20 |    61 |    83 |       |       ||   177
       Double sword      |       |       |       |     1 |   111 |       ||   112
       Great sword       |       |       |       |       |    12 |    82 ||    94
